PBL
HOUSTON COLT .45'S @ COLORADO AVALANCHE
10/05/2049
 
TOP OF THE 1ST
Houston Colt .45's batting - Pitching for Calgary Flames : LHP Bill Hussey
Pitching: LHP Bill Hussey
Batting: RHB John Moore 0-0: Ball
1-0: Ball
2-0: Foul Ball, location: 2F
2-1: Ball
3-1: Called Strike
3-2: Ground out 6-3 (Groundball, 6, EV 85.6 MPH)
Batting: RHB Jesus Diego 0-0: Ball
1-0: SINGLE (Groundball, 6D, EV 95.0 MPH)
Batting: RHB Kieron Clark 0-0: Called Strike
0-1: Called Strike
0-2: Strikes out swinging
Batting: RHB Jarno van Lente 0-0: Swinging Strike
0-1: Ball
1-1: Ground out U3 (Groundball, 13, EV 85.0 MPH)
Top of the 1st over - 0 runs, 1 hit, 0 errors, 1 left on base; Houston 0 - Calgary 0
BOTTOM OF THE 1ST
Calgary Flames batting - Pitching for Houston Colt .45's : RHP Steve Kelly
Pitching: RHP Steve Kelly
Batting: RHB Elias Vences 0-0: Called Strike
0-1: Ball
1-1: Ball
2-1: Called Strike
2-2: Foul Ball, location: 2F
2-2: Ground out 6-3 (Groundball, 6MS, EV 85.0 MPH)
Batting: RHB Norinaga Yamakawakamatsu 0-0: Ground out 6-3 (Groundball, 56, EV 80.0 MPH)
Batting: RHB Edgardo Rivera 0-0: Called Strike
0-1: Ball
1-1: Foul Ball, location: 2F
1-2: Ball
2-2: Strikes out looking
Bottom of the 1st over - 0 runs, 0 hits, 0 errors, 0 left on base; Houston 0 - Calgary 0
TOP OF THE 2ND
Houston Colt .45's batting - Pitching for Calgary Flames : LHP Bill Hussey
Batting: LHB Vecdi Hodensack 0-0: Ball
1-0: Fly out, F7 (Flyball, 7D, EV 101.9 MPH)
Batting: SHB Terciero Ortiz 0-0: Ball
1-0: Called Strike
1-1: Ball
2-1: Called Strike
2-2: Ball
3-2: Foul Ball, location: 2F
3-2: Fly out, F8 (Flyball, 8RD, EV 102.5 MPH)
Batting: RHB Patrick Pinault 0-0: Foul Ball, location: 2F
0-1: Ball
1-1: Foul Ball, location: 2F
1-2: Ball
2-2: Strikes out swinging
Top of the 2nd over - 0 runs, 0 hits, 0 errors, 0 left on base; Houston 0 - Calgary 0
BOTTOM OF THE 2ND
Calgary Flames batting - Pitching for Houston Colt .45's : RHP Steve Kelly
Batting: LHB Gary Corrales 0-0: Ball
1-0: Ball
2-0: Foul Ball, location: 2F
2-1: Ball
3-1: SOLO HOME RUN (Flyball, 7D, EV 103.1 MPH), Distance : 407 ft
Batting: RHB Willie Torres 0-0: Fly out, F9 (Flyball, 9, EV 88.1 MPH)
Batting: LHB Bruce Daley 0-0: Called Strike
0-1: Ball
1-1: Ball
2-1: Ball
3-1: Base on Balls
Batting: RHB Antonio Martinez 0-0: Ball
1-0: Called Strike
1-1: Grounds into double play, 4-6-3 (Groundball, 4, EV 83.8 MPH)
Bottom of the 2nd over - 1 run, 1 hit, 0 errors, 0 left on base; Houston 0 - Calgary 1
TOP OF THE 3RD
Houston Colt .45's batting - Pitching for Calgary Flames : LHP Bill Hussey
Batting: LHB Bob Neale 0-0: Foul Ball, location: 2F
0-1: Ball
1-1: Ball
2-1: Fly out, F8 (Flyball, 78M, EV 89.4 MPH)
Batting: RHB Domingas Saragoa 0-0: Ball
1-0: Ball
2-0: Swinging Strike
2-1: Foul Ball, location: 2F
2-2: Ball
3-2: Foul Ball, location: 2F
3-2: Strikes out swinging
Batting: RHB John Moore 0-0: Ball
1-0: Swinging Strike
1-1: Swinging Strike
1-2: Foul Ball, location: 2F
1-2: Strikes out swinging
Top of the 3rd over - 0 runs, 0 hits, 0 errors, 0 left on base; Houston 0 - Calgary 1
BOTTOM OF THE 3RD
Calgary Flames batting - Pitching for Houston Colt .45's : RHP Steve Kelly
Batting: RHB Tyler Johnson 0-0: Called Strike
0-1: Swinging Strike
0-2: Ball
1-2: Fly out, F8 (Line Drive, 8LM, EV 91.9 MPH)
Batting: RHB Pablo Henriquez 0-0: Ground out 4-3 (Groundball, 4, EV 87.5 MPH)
Batting: RHB Elias Vences 0-0: Foul Ball, location: 2F
0-1: Foul Ball, location: 2F
0-2: Ball
1-2: Ball
2-2: Ball
3-2: Hit by Pitch
Batting: RHB Norinaga Yamakawakamatsu 0-0: Swinging Strike
0-1: Called Strike
0-2: Ball
1-2: Foul Ball, location: 2F
1-2: Foul Ball, location: 2F
1-2: Strikes out looking
Bottom of the 3rd over - 0 runs, 0 hits, 0 errors, 1 left on base; Houston 0 - Calgary 1
TOP OF THE 4TH
Houston Colt .45's batting - Pitching for Calgary Flames : LHP Bill Hussey
Batting: RHB Jesus Diego 0-0: Called Strike
0-1: Ball
1-1: Ball
2-1: Ball
3-1: Called Strike
3-2: Strikes out swinging
Batting: RHB Kieron Clark 0-0: Foul Ball, location: 2F
0-1: Ball
1-1: Foul Ball, location: 2F
1-2: Ball
2-2: Strikes out swinging
Batting: RHB Jarno van Lente 0-0: Ball
1-0: Swinging Strike
1-1: Foul Ball, location: 2F
1-2: Ball
2-2: Strikes out swinging
Top of the 4th over - 0 runs, 0 hits, 0 errors, 0 left on base; Houston 0 - Calgary 1
BOTTOM OF THE 4TH
Calgary Flames batting - Pitching for Houston Colt .45's : RHP Steve Kelly
Batting: RHB Edgardo Rivera 0-0: Ball
1-0: Called Strike
1-1: Foul Ball, location: 2F
1-2: Strikes out swinging
Batting: LHB Gary Corrales 0-0: Called Strike
0-1: Foul Ball, location: 2F
0-2: Ball
1-2: Foul Ball, location: 2F
1-2: Ground out 4-3 (Groundball, 4, EV 105.6 MPH)
Batting: RHB Willie Torres 0-0: Ball
1-0: Ground out 4-3 (Groundball, 4, EV 85.6 MPH)
Bottom of the 4th over - 0 runs, 0 hits, 0 errors, 0 left on base; Houston 0 - Calgary 1
TOP OF THE 5TH
Houston Colt .45's batting - Pitching for Calgary Flames : LHP Bill Hussey
Batting: LHB Vecdi Hodensack 0-0: Ball
1-0: Ground out 6-3 (Groundball, 6, EV 90.6 MPH)
Batting: SHB Terciero Ortiz 0-0: Called Strike
0-1: Ball
1-1: Ball
2-1: Foul Ball, location: 2F
2-2: Hit by Pitch
Batting: RHB Patrick Pinault 0-0: Ball
1-0: Fly out, F9 (Line Drive, 89M, EV 91.2 MPH)
Batting: LHB Bob Neale 0-0: Ground out 1-3 (Groundball, 13S, EV 68.8 MPH)
Top of the 5th over - 0 runs, 0 hits, 0 errors, 1 left on base; Houston 0 - Calgary 1
BOTTOM OF THE 5TH
Calgary Flames batting - Pitching for Houston Colt .45's : RHP Steve Kelly
Batting: LHB Bruce Daley 0-0: Called Strike
0-1: Called Strike
0-2: Foul Ball, location: 2F
0-2: Ball
1-2: Strikes out swinging
Batting: RHB Antonio Martinez 0-0: Ball
1-0: Fly out, F9 (Flyball, 89S, EV 88.8 MPH)
Batting: RHB Tyler Johnson 0-0: Ball
1-0: Foul Ball, location: 2F
1-1: Ground out 3-1 (Groundball, 34, EV 107.5 MPH)
Bottom of the 5th over - 0 runs, 0 hits, 0 errors, 0 left on base; Houston 0 - Calgary 1
TOP OF THE 6TH
Houston Colt .45's batting - Pitching for Calgary Flames : LHP Bill Hussey
Batting: RHB Domingas Saragoa 0-0: Foul Ball, location: 2F
0-1: Ball
1-1: Ball
2-1: Ground out 6-3 (Groundball, 6MS, EV 86.2 MPH)
Batting: RHB John Moore 0-0: Ball
1-0: Swinging Strike
1-1: Foul Ball, location: 2F
1-2: Strikes out looking
Batting: RHB Jesus Diego 0-0: Called Strike
0-1: Ball
1-1: Called Strike
1-2: Foul Ball, location: 2F
1-2: Ball
2-2: Foul Ball, location: 2F
2-2: Foul Ball, location: 2F
2-2: Fly out, F9 (Flyball, 9D, EV 98.1 MPH)
Top of the 6th over - 0 runs, 0 hits, 0 errors, 0 left on base; Houston 0 - Calgary 1
BOTTOM OF THE 6TH
Calgary Flames batting - Pitching for Houston Colt .45's : RHP Steve Kelly
Batting: RHB Pablo Henriquez 0-0: Called Strike
0-1: Called Strike
0-2: Strikes out swinging
Batting: RHB Elias Vences 0-0: Ball
1-0: Called Strike
1-1: Swinging Strike
1-2: Ball
2-2: Ball
3-2: Ground out 5-3 (Groundball, 5, EV 89.4 MPH)
Batting: RHB Norinaga Yamakawakamatsu 0-0: Ball
1-0: Ball
2-0: Called Strike
2-1: Fly out, F8 (Flyball, 8RD, EV 90.6 MPH)
Bottom of the 6th over - 0 runs, 0 hits, 0 errors, 0 left on base; Houston 0 - Calgary 1
TOP OF THE 7TH
Houston Colt .45's batting - Pitching for Calgary Flames : LHP Bill Hussey
Pitching: RHP Danny Araiza
Batting: RHB Kieron Clark 0-0: Called Strike
0-1: Swinging Strike
0-2: Ground out 4-3 (Groundball, 4S, EV 88.8 MPH)
Batting: RHB Jarno van Lente 0-0: Called Strike
0-1: Foul Ball, location: 2F
0-2: Strikes out swinging
Batting: LHB Vecdi Hodensack 0-0: Ball
1-0: Called Strike
1-1: Swinging Strike
1-2: Ball
2-2: Fly out, F7 (Flyball, 78XD, EV 97.5 MPH)
Top of the 7th over - 0 runs, 0 hits, 0 errors, 0 left on base; Houston 0 - Calgary 1
BOTTOM OF THE 7TH
Calgary Flames batting - Pitching for Houston Colt .45's : RHP Steve Kelly
Batting: RHB Edgardo Rivera 0-0: Ball
1-0: Ball
2-0: Ball
3-0: Called Strike
3-1: Foul Ball, location: 2F
3-2: Foul Ball, location: 2F
3-2: Foul Ball, location: 2F
3-2: Foul Ball, location: 2F
3-2: Base on Balls
Pitching: RHP Tim Evans
Batting: LHB Gary Corrales 0-0: Called Strike
0-1: Foul Ball, location: 2F
0-2: Strikes out looking
Batting: RHB Victor Contreras 0-0: Swinging Strike
0-1: Ball
1-1: Swinging Strike
1-2: Ball
2-2: Ball
3-2: Strikes out looking
Batting: LHB Bruce Daley 0-0: SINGLE (Groundball, 34D, EV 110.0 MPH)
Edgardo Rivera to second
Batting: RHB Antonio Martinez 0-0: Ball
1-0: Called Strike
1-1: Ball
2-1: Foul Ball, location: 2F
2-2: Ball
3-2: Base on Balls
Edgardo Rivera to third
Bruce Daley to second
Batting: RHB Tyler Johnson 0-0: Called Strike
0-1: Ball
1-1: DOUBLE (Line Drive, 8RXD, EV 102.5 MPH)
Edgardo Rivera scores
Bruce Daley scores
Antonio Martinez to third
Runner from 3rd tries for Home, SAFE, no throw by CF
Batting: RHB Pablo Henriquez 0-0: Foul Ball, location: 2F
0-1: Fly out, F7 (Flyball, 7D, EV 91.2 MPH)
Bottom of the 7th over - 3 runs, 2 hits, 0 errors, 1 left on base; Houston 0 - Calgary 4
TOP OF THE 8TH
Houston Colt .45's batting - Pitching for Calgary Flames : RHP Danny Araiza
Batting: SHB Terciero Ortiz 0-0: Ball
1-0: Called Strike
1-1: Ground out 6-3 (Groundball, 6M, EV 85.6 MPH)
Batting: RHB Patrick Pinault 0-0: Ball
1-0: Called Strike
1-1: Foul Ball, location: 2F
1-2: Foul Ball, location: 2F
1-2: DOUBLE (Flyball, 78D, EV 98.1 MPH)
Batting: LHB Bob Neale 0-0: Called Strike
0-1: Ball
1-1: SINGLE (Groundball, 56D, EV 105.0 MPH)
Patrick Pinault to third
Batting: RHB Domingas Saragoa 0-0: Grounds into double play, 6-4-3 (Groundball, 6, EV 101.9 MPH)
Top of the 8th over - 0 runs, 2 hits, 0 errors, 1 left on base; Houston 0 - Calgary 4
BOTTOM OF THE 8TH
Calgary Flames batting - Pitching for Houston Colt .45's : RHP Tim Evans
Batting: RHB Elias Vences 0-0: Ball
1-0: Called Strike
1-1: Ball
2-1: Called Strike
2-2: Foul Ball, location: 2F
2-2: Ball
3-2: Base on Balls
Pitching: LHP Joey Callanta
Batting: RHB Norinaga Yamakawakamatsu 0-0: Sac Bunt to 5S - play at first, batter OUT! 5-3
Elias Vences to second
Batting: RHB Edgardo Rivera 0-0: Ball
1-0: Ball
2-0: Ball
3-0: Called Strike
3-1: Ground out U3 (Groundball, 34, EV 88.1 MPH)
Elias Vences to third
Batting: LHB Gary Corrales 0-0: Called Strike
0-1: Swinging Strike
0-2: Ball
1-2: Strikes out swinging
Bottom of the 8th over - 0 runs, 0 hits, 0 errors, 1 left on base; Houston 0 - Calgary 4
TOP OF THE 9TH
Houston Colt .45's batting - Pitching for Calgary Flames : RHP Danny Araiza
Batting: RHB John Moore 0-0: Ball
1-0: Called Strike
1-1: Ball
2-1: Ball
3-1: Base on Balls
Batting: RHB Jesus Diego 0-0: Ball
1-0: Ball
2-0: Fly out, F8 (Flyball, 78M, EV 95.6 MPH)
Batting: RHB Kieron Clark 0-0: Called Strike
0-1: Ball
1-1: Called Strike
1-2: Foul Ball, location: 2F
1-2: Fly out, F7 (Line Drive, 7, EV 92.5 MPH)
Batting: RHB Jarno van Lente 0-0: Foul Ball, location: 2F
0-1: Fly out, F8 (Flyball, 8LXD, EV 98.8 MPH)
Top of the 9th over - 0 runs, 0 hits, 0 errors, 1 left on base; Houston 0 - Calgary 4
Sunday, July 16th , 2023 - OOTP Baseball 24.6 Build 69